 Dungeon Crawl Stone Soup version 0.18-a0-1577-gf591c28 (console) character file.

445 Liam the Magician (level 6, -10/36 HPs)
             Began as a High Elf Wizard on Mar 17, 2016.
             Shot with an arrow by a centaur (16 damage)
             ... on level 5 of the Dungeon.
             The game lasted 00:13:06 (5467 turns).

Liam the Magician (High Elf Wizard)                 Turns: 5467, Time: 00:13:06

Health: -10/36     AC:  4    Str:  6    XL:     6   Next: 72%
Magic:  12/15      EV: 12    Int: 23    God:
Gold:   86         SH:  0    Dex: 15    Spells: 6 memorised, 3 levels left

rFire  . . .     SeeInvis .     (no weapon)
rCold  . . .     Gourm    .     a - +0 robe
rNeg   . . .     Faith    .     (no shield)
rPois  .         Spirit   .     b - +0 hat
rElec  .         Dismiss  .     (no cloak)
rCorr  .         Reflect  .     l - +0 pair of gloves
SustAt .         Harm     .     (no boots)
MR     .....                    (no amulet)
Stlth  ++........               w - +1 ring of protection
                                n - ring of wizardry

@: not resistant to hostile enchantments, unstealthy
A: no striking features
a: no special abilities


You were on level 5 of the Dungeon.
You were very hungry.

You visited 1 branch of the dungeon, and saw 5 of its levels.

You collected 282 gold pieces.
You spent 196 gold pieces at shops.

Inventory:

Armour
 a - a +0 robe (worn)
 b - a +0 hat (worn)
 l - a +0 pair of gloves (worn)
Jewellery
 n - a ring of wizardry (left hand)
 w - a +1 ring of protection (right hand)
Wands
 u - a wand of paralysis (11/24)
Scrolls
 e - a scroll of remove curse
 f - a scroll of fog
 g - 4 scrolls of identify
 m - a scroll of immolation
 p - a scroll of enchant weapon {unknown}
 q - 2 scrolls of enchant armour {unknown}
 r - 2 scrolls of amnesia {unknown}
 s - 4 scrolls of teleportation {unknown}
 t - a scroll of blinking
Potions
 h - a potion of lignification {unknown}
 j - a potion of curing {unknown}
 k - a potion of ambrosia {unknown}
 o - 2 potions of mutation
 v - a potion of degeneration
Books
 c - a book of Minor Magic

   Spells                             Type                      Level
   a - Magic Dart                     Conjuration                  1
   b - Blink                          Translocation                2
   c - Call Imp                       Summoning                    2
   d - Repel Missiles                 Charms/Air                   2
   e - Slow                           Hexes                        2
   f - Conjure Flame                  Conjuration/Fire             3
   g - Mephitic Cloud                 Conjuration/Poison/Air       3
Comestibles
 d - 3 bread rations
 x - a meat ration


   Skills:
 - Level 2.1 Dodging
 - Level 2.1 Stealth
 + Level 5.7 Spellcasting
 + Level 3.8 Conjurations
 + Level 2.2 Charms
   Level 0.8 Summonings
 + Level 2.3 Translocations
 + Level 1.9 Fire Magic
 + Level 1.9 Air Magic
 + Level 1.0 Poison Magic


You had 3 spell levels left.
You knew the following spells:

 Your Spells              Type           Power        Failure   Level  Hunger
a - Magic Dart            Conj           ###.         1%          1    None
b - Blink                 Tloc           N/A          2%          2    None
c - Slow                  Hex            #.......     7%          2    None
d - Mephitic Cloud        Conj/Pois/Air  ###.....     4%          3    #......
e - Conjure Flame         Conj/Fire      ###.....     4%          3    #......
m - Repel Missiles        Chrm/Air       ###...       2%          2    None


Dungeon Overview and Level Annotations

Branches:
Dungeon (5/15)
 Temple: D:4-7

Altars:
Ashenzari
Fedhas
Gozag
Makhleb
Nemelex Xobeh
Okawaru
Trog
Xom
Yredelemnul

Shops:
D:4 ?*![

Annotations:
D:5 Uhlv's ghost, novice GrMo


Message History

Aiming: Magic Dart
Press: ? - help, Shift-Dir - straight line, f - centaur
Aim: a centaur, wielding a shortbow
Okay, then.
The centaur shoots an arrow.
The arrow hits you!
* * * LOW HITPOINT WARNING * * *
You see here an arrow.
Drink which item? (? for menu, Esc to quit)
Okay, then.
Read which item? (? for menu, Esc to quit)
As you read the scroll labeled YWOILIUROF, it crumbles to dust.
The scroll dissolves into smoke.
It was a scroll of fog.
Read which item? (? for menu, Esc to quit)
As you read the scroll labeled PIUS UDWA SIUTUERI, it crumbles to dust.
You feel blessed for a moment.
It was a scroll of remove curse.
Read which item? (? for menu, Esc to quit)
As you read the scroll labeled HOATHR ESTAEZUH, it crumbles to dust.
The air around you briefly surges with heat, but it dissipates.
It was a scroll of immolation.
The centaur shoots an arrow.
The arrow hits you!
You die...

########## ##..c§@§§.#
#### ##..§####§..#
...#######.#(#.# ...#
...............# ...#
##.#######.#.#.)...o....
#.# ##...##.....c.# #.#
............. # #(#
####.#####c... ##.# #.#
#.#.


You could see a centaur.

Vanquished Creatures
  An ogre (D:4)
  A howler monkey (D:4)
  A jelly (D:2)
  A centaur skeleton (D:5)
  A giant frog skeleton (D:4)
  A worker ant (D:4)
  A hound skeleton (D:5)
  A gnoll (D:1)
  A howler monkey skeleton (D:5)
  7 adders
  2 shadow imps
  5 worms
  3 dart slugs
  4 giant geckos
  5 orcs
  3 giant cockroaches
  7 goblins
  6 hobgoblins
  4 kobolds
  3 quokkas
  A sheep (D:2)
  A ball python (D:3)
  A ball python skeleton (D:4)
  8 bats
  2 giant gecko zombies (D:5)
  3 giant newts
  A quokka skeleton (D:4)
  4 rats
79 creatures vanquished.

Notes
Turn   | Place    | Note
--------------------------------------------------------------
     0 | D:1      | Liam the High Elf Wizard began the quest for the Orb.
     0 | D:1      | Reached XP level 1. HP: 11/11 MP: 6/6
    91 | D:1      | You fall through a shaft!
   272 | D:2      | Reached XP level 2. HP: 17/17 MP: 0/7
   362 | D:2      | Reached skill level 4 in Spellcasting
   546 | D:2      | Found a shimmering altar of Xom.
  1053 | D:1      | Reached XP level 3. HP: 21/21 MP: 5/9
  2139 | D:2      | Reached skill level 5 in Spellcasting
  2139 | D:2      | Reached XP level 4. HP: 27/27 MP: 6/12
  2285 | D:1      | Learned a level 2 spell: Blink
  2288 | D:1      | Learned a level 2 spell: Slow
  2292 | D:1      | Learned a level 3 spell: Conjure Flame
  2296 | D:1      | Learned a level 3 spell: Mephitic Cloud
  2299 | D:1      | Learned a level 2 spell: Repel Missiles
  2679 | D:3      | Found a basalt altar of Yredelemnul.
  2685 | D:3      | Found a burning altar of Makhleb.
  2702 | D:3      | Reached XP level 5. HP: 25/31 MP: 0/13
  2831 | D:3      | Found a sparkling altar of Nemelex Xobeh.
  2949 | D:3      | Found a blossoming altar of Fedhas.
  2949 | D:3      | Found an opulent altar of Gozag.
  2950 | D:3      | Found an iron altar of Okawaru.
  2952 | D:3      | Found a bloodstained altar of Trog.
  2953 | D:3      | Found a shattered altar of Ashenzari.
  3365 | D:4      | Found Xycu's Magic Scroll Shop.
  3373 | D:4      | Bought a scroll of identify for 28 gold pieces
  3373 | D:4      | Bought a scroll of blinking for 105 gold pieces
  3373 | D:4      | Bought a scroll of identify for 28 gold pieces
  3436 | D:4      | Reached skill level 1 in Charms
  3436 | D:4      | Reached skill level 1 in Fire Magic
  3647 | D:4      | Found Yhiov's Armour Shop.
  3651 | D:4      | Found Laar's Distillery.
  3665 | D:4      | Bought a potion of mutation for 25 gold pieces
  3665 | D:4      | Bought a potion of degeneration for 10 gold pieces
  3698 | D:4      | Noticed an ogre
  3705 | D:4      | Killed an ogre
  3705 | D:4      | Reached skill level 1 in Air Magic
  3705 | D:4      | Reached skill level 1 in Poison Magic
  3705 | D:4      | Reached XP level 6. HP: 36/36 MP: 6/15
  3994 | D:4      | Found Manah's Assorted Antiques.
  4543 | D:5      | Entered Level 5 of the Dungeon
  4543 | D:5      | Noticed a sky beast
  4630 | D:5      | Found a shattered altar of Ashenzari.
  4840 | D:5      | Noticed Uhlv's ghost (novice GrMo)
  5467 | D:5      | Shot with an arrow by a centaur

Vault maps used:
D:1:      wheals_arrival_linesprint, grunt_decor_one_mirror
D:2:      dk_xom_monty_hall
D:3:      minitemple
D:4:      serial_shops, kennysheep_mini_moat, shop, shop, nicolae_shop_trees
D:5:      temple_hall, first_bread, evilmike_ruin_ashenzari

Skill      XL: |  1  2  3  4  5  6 |
---------------+-------------------+-----
Spellcasting   | 4 5 |  5.7
Conjurations   | 2 3 |  3.8
Charms         | 1 2 |  2.2
Fire Magic     | 1 |  1.9
Translocations | 2 |  2.3
Air Magic      | 1 |  1.9
Poison Magic   | 1 |  1.0
Dodging        | |  2.1
Stealth        | |  2.1
Summonings     | |  0.8

Action                   |  1- 3 |  4- 6 || total
-------------------------+-------+-------++-------
 Cast: Magic Dart        |    97 |   199 ||   296
       Mephitic Cloud    |       |     1 ||     1
       Conjure Flame     |       |     1 ||     1
  Use: Scroll            |       |     3 ||     3
  Eat: Chunk             |     3 |     8 ||    11
       Pizza             |       |     1 ||     1
